 Dungeon Crawl Stone Soup version 0.29.1-1-gd02db6906a (webtiles) character file.

Game seed: 6830532624537155637

25 hikkokomori the Sneak (level 3, 0/30 HPs)
             Began as a Formicid Delver on Oct 6, 2022.
             Slain by a gnoll
             ... wielding a +4 whip
             ... led by a gnoll bouda
              (5 damage)
             ... on level 3 of the Dungeon.
             The game lasted 00:01:33 (503 turns).

hikkokomori the Sneak (Formicid Delver)              Turns: 503, Time: 00:01:33

Health: 0/30       AC:  3    Str: 16    XL:     3   Next: 20%
Magic:  3/3        EV: 12    Int:  9    God:
Gold:   32         SH:  0    Dex: 17    Spells: 2/2 levels left

rFire   . . .      SeeInvis +   a - +0 hand axe
rCold   . . .      Faith    .   (no shield)
rNeg    . . .      Spirit   .   b - +0 leather armour
rPois   .          Reflect  .   (helmet unavailable)
rElec   .          Harm     .   (no cloak)
rCorr   .          Rampage  .   (no gloves)
Will    .....                   (no boots)
Stlth   +++.......              (no amulet)
HPRegen 0.10/turn               (no ring)
MPRegen 0.08/turn               (no ring)

@: no status effects
A: permanent stasis, dig shafts and tunnels, antennae 3, four strong arms
a: Dig, Shaft Self


You were on level 3 of the Dungeon.
You visited 1 branch of the dungeon, and saw 3 of its levels.

You collected 32 gold pieces.

Inventory:

Hand Weapons
 a - a +0 hand axe (weapon)
Missiles
 g - 5 poisoned darts
Armour
 b - a +0 leather armour (worn)
Wands
 f - a wand of digging (3)
Scrolls
 c - a scroll of fog
 d - a scroll of magic mapping
 e - 2 scrolls of fear
 i - a scroll of brand weapon {unknown}
Potions
 h - a potion of ambrosia {unknown}


   Skills:
 + Level 3.7 Fighting
 + Level 2.4 Axes
 + Level 2.2 Dodging
 - Level 6.2 Stealth


You had 2 spell levels left.
You didn't know any spells.
Your spell library was empty.

Dungeon Overview and Level Annotations

Branches:
Dungeon (5/15)
 Temple: D:4-7

Altars:


Innate Abilities, Weirdness & Mutations

You cannot be hasted, slowed, berserked, paralysed or teleported.
You can dig through walls and to a lower floor.
You have a pair of large antennae on your head. (SInv)
Your four strong arms can wield two-handed weapons with a shield.


Message History

A gnoll comes into view. It is wielding a +0 spear.
A gnoll bouda comes into view. It is wielding a +0 whip.
Okay, then.
You don't know any spells.
Unknown command.
The gnoll shouts! x2; You hear a shout!
The gnoll unwields a +4 whip.
The gnoll wields a +0 sling.
The gnoll shoots a sling bullet.
The sling bullet hits you.
You hear a shout!
A gnoll comes into view. It is wielding a +0 club.
The gnoll shoots a sling bullet.
The sling bullet misses you.
You hear a shout!
You see here a +0 hand axe.
A bat comes into view.
Found a leather armour.
The gnoll hits you from afar with a +0 spear.
The gnoll closely misses you.
You closely miss the gnoll. The gnoll hits you with a +0 spear.
You hit the gnoll.
The gnoll is heavily wounded.
The gnoll hits you with a +0 spear.
You barely miss the gnoll.
The gnoll is heavily wounded.
The gnoll hits you with a +0 spear.
* * * LOW HITPOINT WARNING * * *
You slash the gnoll!
You kill the gnoll!
The gnoll shoots a sling bullet.
The sling bullet hits you.
* * * LOW HITPOINT WARNING * * *
You have reached level 3!
Your experience leads to an increase in your attributes!
Increase (S)trength, (I)ntelligence, or (D)exterity?
You feel agile. x2
The gnoll unwields a +0 sling.
The gnoll wields a +4 whip.
The gnoll barely misses you.
You see here a +0 spear.
You hit the gnoll.
The gnoll is lightly wounded.
The gnoll hits you with a +4 whip.
You die...

#.# #[# #.# ## #.# J.
#.# { #. ###.# #.
#...# # #. #.### .. #.
#@#
.##.##.####g########.#
......$g........>....#
....g!.>......#####..#
....g..####.#.# #
.##g### #.#.# # #.#..
#.#### { ... {


You could see a gnoll.

Vanquished Creatures
  A gnoll (D:3)
  A river rat (D:4)
  2 orcs (D:3)
  2 jackals (D:4)
6 creatures vanquished.

Notes
Turn   | Place    | Note
-------+----------+-------------------------------------------
     0 | D:5      | hikkokomori the Formicid Delver began the quest for the
                  | Orb.
     0 | D:5      | Reached XP level 1. HP: 18/18 MP: 1/1
    49 | D:5      | Noticed a sky beast
    81 | D:5      | Noticed an orc wizard
    91 | D:4      | Reached XP level 2. HP: 9/24 MP: 2/2
   502 | D:3      | Reached XP level 3. HP: 5/30 MP: 3/3
   503 | D:3      | Slain by a gnoll

Illustrated notes

Levels and vault maps discovered:
D:3:      layout_loops_ring, ebering_ghost_sewer_d
D:4:      minmay_wonky_spiral, layout_cave_pools, nicolae_vehumet_radiance,
          ashenzari_conservatory_becter
D:5:      wander_guarded_unrand_ratskin, layout_basic,
          mainiacjoe_overflow_chevrons, fedhas_altar_decomposition

Skill      XL: |  1 |
---------------+----+-----
Dodging        | 2 |  2.2
Fighting       | |  3.7
Axes           | |  2.4
Stealth        | |  6.2

Action                   || total
-------------------------++-------
Melee: Hand axe          ||    20
 Stab: Sleeping          ||     3
Armor: Leather armour    ||     1
Dodge: Dodged            ||     9
